Map: Dusk Towers

Players

POX

  • Race: Protoss Protoss
  • League: Grandmaster

LiquidTLO (TLO) - Winner!

  • Race: Zerg Zerg
  • League: Master

Event: DreamHack ZOWIE Open Leipzig

VOD

Have the link to the VOD?

Description

Time

  • Played on: Jan. 22, 2016, 7:33 a.m.
  • Length: 13:52

All games in this series

Show
View Real Time Build Order
Export as new Build Order

POX Protoss 

Build Orders: 1 Gate Expand 

Get SALT Encoding   

  12  0:01  Probe (Chrono Boost)  
  13  0:11  Probe (Chrono Boost)  
  14  0:17  Pylon  
  14  0:22  Probe (Chrono Boost)  
  15  0:35  Probe (Chrono Boost)  
  16  0:36  Gateway  
  16  0:45  Probe (Chrono Boost)  
  16  0:46  Assimilator  
  17  0:56  Probe (Chrono Boost)  
  18  0:59  Gateway  
  18  1:06  Probe (Chrono Boost)  
  19  1:24  Cybernetics Core  
  19  1:38  Nexus  
  19  1:45  Pylon  
  23  2:01  Warp Gate  
  23  2:02  Adept x2 (Chrono Boost)  
  23  2:03  Probe  
  24  2:12  Assimilator  
  24  2:15  Probe  
  25  2:28  Adept x2 (Chrono Boost)  
  25  2:29  Probe  
  30  2:41  Probe (Chrono Boost)  
  31  2:48  Robotics Facility  
  31  2:53  Probe x2 (Chrono Boost)  
  33  3:03  Probe (Chrono Boost)  
  33  3:04  Probe (Chrono Boost)  
  35  3:14  Probe x2 (Chrono Boost)  
  33  3:25  Mothership Core (Chrono Boost), Probe (Chrono Boost)  
  36  3:35  Probe (Chrono Boost)  
  37  3:43  Probe (Chrono Boost)  
  37  3:44  Probe (Chrono Boost), Warp Prism (Chrono Boost)  
  37  3:51  Gateway  
  37  3:52  Gateway  
  37  3:53  Pylon  
  37  3:55  Probe x2  
  39  4:03  Sentry x2  
  39  4:05  Probe  
  39  4:07  Probe  
  45  4:13  Pylon  
  45  4:16  Probe  
  45  4:17  Observer (Chrono Boost)  
  46  4:20  Probe  
  48  4:26  Probe  
  49  4:32  Probe  
  49  4:36  Pylon  
  49  4:37  Probe  
  49  4:38  Observer (Chrono Boost)  
  51  4:44  Probe  
  53  4:47  Probe  
  53  4:49  Twilight Council, Adept  
  53  4:50  Adept x3  
  62  4:56  Probe  
  62  4:58  Probe  
  64  5:03  Pylon  
  64  5:05  Pylon  
  64  5:18  Adept  
  64  5:19  Adept x2  
  70  5:24  Probe, Pylon  
  70  5:25  Adept  
  73  5:30  Probe  
  73  5:32  Assimilator  
  67  5:36  Probe, Assimilator  
  67  5:41  Probe  
  70  5:43  Immortal (Chrono Boost)  
  70  5:48  Probe, Nexus  
  72  5:51  Adept  
  72  5:53  Adept, Pylon  
  72  5:55  Probe  
  71  5:57  Pylon  
  71  6:09  Probe  
  71  6:10  Probe, Charge (Chrono Boost)  
  73  6:19  Immortal  
  73  6:20  Probe, Zealot x2  
  82  6:27  Probe, Pylon  
  82  6:30  Probe  
  84  6:39  Sentry x2, Probe  
  89  6:41  Probe  
  89  6:45  Forge  
  89  6:46  Forge  
  90  6:51  Probe x2  
  92  6:57  Gateway x2  
  92  6:58  Zealot  
  94  7:02  Zealot  
  94  7:03  Probe  
  94  7:05  Probe  
  98  7:10  Probe, Immortal  
  103  7:20  Probe  
  103  7:22  Probe  
  104  7:24  Assimilator x2  
  104  7:28  Probe  
  105  7:31  Zealot x4  
  105  7:33  Probe  
  115  7:39  Gateway  
  115  7:40  Protoss Ground Weapons Level 1 (Chrono Boost)  
  115  7:41  Gateway, Protoss Ground Armor Level 1 (Chrono Boost)  
  115  7:50  Stargate  
  115  7:53  Stargate  
  115  7:57  Pylon  
  115  7:59  Pylon  
  115  8:02  Pylon  
  115  8:03  Templar Archives, Probe, Pylon  
  116  8:13  Pylon x2  
  116  8:14  Pylon  
  116  8:15  Pylon  
  116  8:28  Immortal  
  116  8:33  Sentry x2  
  124  8:35  Sentry x2  
  124  8:36  Resonating Glaives  
  124  8:37  Phoenix (Chrono Boost)  
  124  8:39  Phoenix (Chrono Boost)  
  132  8:43  Nexus  
  132  8:45  Pylon  
  132  8:56  Probe  
  132  9:02  Phoenix x2 (Chrono Boost)  
  135  9:06  Pylon  
  135  9:07  Pylon  
  135  9:08  Pylon  
  133  9:11  High Templar x2  
  133  9:12  Pylon  
  133  9:13  Pylon  
  137  9:17  Archon  
  137  9:23  Phoenix (Chrono Boost)  
  137  9:26  Phoenix (Chrono Boost)  
  137  9:28  Zealot  
  137  9:29  Zealot x4  
  149  9:35  Photon Cannon  
  149  9:38  Photon Cannon  
  151  9:47  High Templar x2  
  151  9:48  Zealot  
  157  9:52  Archon  
  157  9:57  Oracle (Chrono Boost)  
  157  9:59  Immortal  
  157  10:00  Assimilator  
  157  10:05  Robotics Facility, Assimilator  
  157  10:06  Photon Cannon  
  161  10:10  Zealot x2  
  161  10:12  Probe  
  161  10:13  Probe  
  167  10:15  Probe  
  167  10:16  Probe  
  167  10:20  Protoss Ground Weapons Level 2 (Chrono Boost)  
  169  10:21  Protoss Ground Armor Level 2 (Chrono Boost)  
  169  10:25  Probe x2  
  171  10:29  Probe  
  171  10:31  Probe  
  173  10:35  Probe  
  173  10:38  Probe  
  173  10:41  Nexus  
  175  10:44  Pylon  
  175  10:46  Observer  
  176  11:00  Pylon, High Templar x3  
  176  11:01  Zealot, High Templar  
  176  11:02  Zealot x3  
  192  11:07  Archon x2  
  192  11:08  Gateway  
  192  11:09  Gateway  
  192  11:15  Pylon  
  192  11:21  Probe, High Templar  
  192  11:22  High Templar  
  192  11:23  Probe  
  192  11:24  Probe  
  199  11:29  Nexus  
  199  11:33  Probe  
  200  11:42  Archon  
  200  11:50  Nexus  
  192  12:03  Gateway  
  192  12:04  Gateway x2  
  192  12:05  High Templar  
  192  12:06  High Templar x2  
  192  12:07  Gateway x2, High Templar x3  
  198  12:10  Gateway  
  198  12:14  Archon x3  
  198  12:19  Immortal  
  170  12:23  Zealot x2  
  170  12:25  Immortal  
  150  12:31  Probe  
  137  12:37  Probe  
  137  12:39  Assimilator  
  137  12:42  Zealot x5  
  137  12:43  Zealot  
  150  12:47  Probe  
  150  12:49  Probe  
  150  12:51  Oracle  
  145  12:53  Zealot x2, High Templar x2  
  145  12:57  Archon  
  147  13:00  Probe  
  147  13:03  Zealot x4  
  147  13:04  Zealot x2  
  147  13:07  Observer  
  147  13:10  Observer  
  145  13:14  High Templar  
  145  13:15  High Templar  
  143  13:24  High Templar x2  
  143  13:25  Zealot x5, Archon  
  143  13:26  Zealot  
  158  13:27  Zealot x3  
  158  13:28  Archon  
  152  13:45  Zealot x4  
Show
View Real Time Build Order
Export as new Build Order

LiquidTLO Zerg - Winner!

Build Orders: Hatch First, Lurkers 

Get SALT Encoding   

  12  0:00  Drone  
  13  0:12  Overlord  
  13  0:17  Drone  
  14  0:31  Drone x2  
  16  0:35  Drone  
  17  0:52  Hatchery  
  17  0:54  Drone  
  17  0:58  Drone  
  18  1:11  Spawning Pool  
  18  1:14  Drone  
  18  1:34  Hatchery  
  18  1:37  Drone  
  18  1:42  Drone  
  18  1:43  Drone  
  20  1:50  Drone  
  21  2:03  Queen  
  21  2:04  Queen  
  25  2:09  Overlord  
  25  2:13  Drone  
  25  2:15  Drone  
  27  2:18  Zergling x2  
  28  2:36  Zergling x2  
  30  2:37  Zergling x2  
  30  2:38  Queen  
  30  2:40  Queen  
  30  2:42  Drone  
  30  2:43  Extractor  
  34  2:47  Zergling x6  
  34  2:49  Zergling x2  
  38  2:55  Queen  
  40  3:04  Drone  
  41  3:06  Drone  
  41  3:08  Drone  
  41  3:10  Drone  
  41  3:12  Overlord  
  42  3:14  Drone  
  42  3:19  Drone  
  42  3:25  Extractor  
  42  3:26  Overlord  
  41  3:28  Drone  
  41  3:30  Drone  
  41  3:31  Drone  
  44  3:35  Drone, Extractor  
  42  3:42  Drone x2  
  42  3:45  Drone  
  42  3:47  Drone  
  46  3:51  Drone  
  47  3:55  Drone  
  47  3:58  Drone x2  
  50  4:05  Metabolic Boost  
  50  4:07  Drone  
  50  4:08  Drone  
  50  4:09  Drone  
  53  4:11  Drone  
  53  4:13  Drone  
  55  4:20  Baneling Nest, Drone x2  
  55  4:23  Drone  
  57  4:25  Overlord  
  57  4:32  Overlord  
  57  4:33  Drone  
  57  4:36  Overlord  
  57  4:42  Overlord, Extractor  
  57  4:43  Overlord  
  57  4:45  Drone x2  
  58  4:48  Zergling x2  
  58  4:49  Zergling x2  
  58  4:51  Zergling x2  
  58  4:52  Zergling x2  
  62  4:53  Zergling x2  
  62  4:54  Drone  
  62  4:56  Zergling x4  
  65  5:00  Zergling x2  
  65  5:01  Zergling x4  
  65  5:02  Zergling x2  
  65  5:06  Drone x2  
  71  5:08  Drone  
  69  5:18  Drone  
  69  5:19  Drone x2  
  69  5:20  Drone  
  72  5:24  Drone x2, Zergling x2  
  72  5:26  Drone  
  72  5:27  Drone x2  
  69  5:28  Drone  
  69  5:29  Drone  
  69  5:30  Drone  
  69  5:31  Drone  
  69  5:35  Drone  
  70  5:39  Drone  
  70  5:42  Zergling x2  
  69  5:46  Drone  
  69  5:47  Drone  
  69  5:49  Drone  
  66  5:55  Drone x2  
  66  5:57  Drone x2  
  67  5:59  Drone  
  67  6:10  Roach Warren  
  66  6:12  Extractor  
  66  6:14  Extractor  
  66  6:15  Drone  
  66  6:16  Zergling x4  
  66  6:17  Zergling x2  
  68  6:19  Zergling x2  
  68  6:22  Zergling x4  
  68  6:25  Lair  
  71  6:27  Zergling x2  
  71  6:28  Drone  
  71  6:29  Zergling x2  
  71  6:30  Zergling x2  
  71  6:32  Zergling x2  
  76  6:33  Zergling x2  
  76  6:35  Zergling x4  
  76  6:37  Zergling x2  
  80  6:40  Zergling x2  
  80  6:43  Drone x4  
  83  6:47  Overlord  
  83  6:51  Overlord  
  83  6:52  Overlord  
  83  6:54  Drone  
  83  6:55  Drone  
  83  6:59  Drone x2  
  83  7:00  Extractor  
  86  7:01  Overlord  
  86  7:20  Drone x2  
  88  7:26  Drone x2, Spire  
  88  7:27  Hydralisk Den  
  88  7:29  Zergling x2  
  88  7:30  Baneling x2  
  88  7:31  Zergling x2, Baneling x2  
  88  7:32  Zergling x6  
  88  7:34  Burrow  
  88  7:35  Drone  
  93  7:39  Drone  
  93  7:40  Zergling x2  
  95  7:45  Drone  
  95  7:46  Overlord  
  95  7:50  Drone  
  97  7:57  Lurker Den  
  97  7:59  Overlord, Overseer  
  97  8:03  Hatchery  
  96  8:09  Evolution Chamber  
  96  8:12  Evolution Chamber  
  94  8:14  Hydralisk x3  
  94  8:19  Overseer  
  98  8:35  Hydralisk  
  98  8:36  Hydralisk x2  
  98  8:37  Mutalisk x3  
  98  8:38  Mutalisk  
  98  8:40  Zerg Missile Weapons Level 1, Zerg Ground Armor Level 1  
  112  8:42  Drone, Extractor  
  112  8:43  Drone x4  
  112  8:44  Zergling x2  
  112  8:46  Extractor  
  112  8:47  Overlord  
  116  8:48  Hydralisk x2  
  116  8:53  Drone  
  116  8:54  Drone x3  
  124  9:00  Drone x4  
  126  9:06  Drone x2  
  128  9:10  Overlord  
  128  9:11  Overlord  
  128  9:12  Hydralisk  
  128  9:16  Hydralisk x2  
  132  9:20  Pneumatized Carapace  
  132  9:22  Hydralisk  
  136  9:25  Hydralisk  
  136  9:27  Lurker x2  
  136  9:29  Lurker  
  136  9:30  Lurker  
  142  9:31  Lurker  
  142  9:32  Lurker  
  142  9:36  Overseer  
  142  9:38  Hydralisk  
  146  9:41  Queen  
  148  9:46  Lurker x2  
  150  9:54  Spore Crawler  
  150  9:56  Hydralisk x4  
  150  9:57  Spore Crawler  
  150  9:59  Spore Crawler  
  147  10:01  Drone, Spore Crawler  
  147  10:02  Drone, Spore Crawler  
  147  10:06  Spore Crawler  
  147  10:07  Drone  
  147  10:08  Hydralisk, Infestation Pit  
  147  10:11  Baneling x6  
  147  10:12  Hydralisk  
  150  10:18  Spore Crawler  
  150  10:20  Spore Crawler  
  148  10:21  Drone  
  148  10:22  Drone x2  
  148  10:27  Lurker  
  152  10:32  Muscular Augments  
  146  10:38  Overlord x2  
  146  10:39  Overlord x2  
  146  10:42  Zerg Missile Weapons Level 2  
  146  10:44  Overlord  
  146  10:45  Overlord x2  
  146  10:49  Overlord  
  145  10:50  Pathogen Glands  
  145  10:52  Overlord  
  145  11:00  Lurker  
  145  11:01  Lurker x3  
  145  11:03  Hydralisk  
  151  11:06  Hydralisk  
  151  11:07  Hydralisk  
  154  11:17  Zergling x4  
  155  11:20  Hydralisk x3  
  155  11:22  Lurker  
  155  11:24  Zergling x6  
  155  11:25  Zergling x2  
  163  11:26  Zergling x2  
  163  11:27  Zergling x4  
  163  11:28  Overlord  
  166  11:34  Hydralisk  
  166  11:35  Hydralisk x4  
  167  11:41  Lurker  
  167  11:44  Hydralisk x3  
  167  11:52  Hydralisk x2  
  167  11:53  Hydralisk  
  173  11:55  Hydralisk  
  165  12:03  Hydralisk  
  165  12:04  Hydralisk x3  
  165  12:07  Hydralisk  
  173  12:09  Hydralisk  
  173  12:11  Zergling x2  
  173  12:12  Zergling x2  
  173  12:13  Hydralisk  
  179  12:16  Hydralisk  
  179  12:17  Hydralisk  
  179  12:21  Hydralisk  
  179  12:22  Hydralisk  
  172  12:25  Hydralisk  
  172  12:28  Hydralisk  
  172  12:29  Zergling x4  
  155  12:30  Zergling x2  
  155  12:31  Hydralisk  
  155  12:32  Hydralisk  
  155  12:34  Zergling x4  
  145  12:39  Zergling x2  
  145  12:43  Lurker x2  
  147  12:45  Queen x2, Zergling x4  
  147  12:47  Zergling x2  
  147  12:49  Zergling x2  
  147  12:50  Zergling x6  
  155  13:05  Hydralisk  
  143  13:06  Hydralisk x2  
  143  13:10  Baneling x4  
  143  13:12  Zergling x8  
  150  13:14  Zergling x2  
  150  13:16  Infestor x2  
  150  13:18  Zergling x2  
  150  13:19  Zergling x2  
  157  13:21  Hydralisk, Baneling x2  
  157  13:24  Zergling x4  
  157  13:25  Zergling x2  
  157  13:26  Zergling x4  
  164  13:28  Zergling x4  
  164  13:29  Zergling x2  
  164  13:31  Hatchery  
  165  13:34  Zergling x6  
  165  13:35  Zergling x2  

Tags
 
Add a new tag
Caveats
  • Supply blocks, unpowered buildings, or Contaminate may cause inaccurate times.
  • Supply counts are checked every 10 seconds.